 Dungeon Crawl Stone Soup version 0.30-a0-939-gc8157cb160 (webtiles) character file.

Game seed: 3670769103900900622

67 cheesebisquit the Grave Robber (level 4, -1/34 HPs)
             Began as a Ghoul Necromancer on Mar 25, 2023.
             Slain by a worm (10 damage)
             ... on level 2 of the Dungeon.
             The game lasted 00:07:45 (2171 turns).

cheesebisquit the Grave Robber (Ghoul Necromancer)  Turns: 2171, Time: 00:07:46

Health: -1/34      AC:  2    Str: 11    XL:     4   Next: 16%
Magic:  0/5        EV: 12    Int: 12    God:
Gold:   145        SH:  0    Dex:  9    Spells: 5/6 levels left

rFire   . . .      SeeInvis .    (no weapon)
rCold   + . .      Faith    .    (no shield)
rNeg    + + +      Spirit   .    a - +0 robe
rPois   ∞          Reflect  .    (no helmet)
rElec   .          Rampage  .    (no cloak)
rCorr   .                        (no gloves)
Will    .....                    (no boots)
Stlth   ++                       (no amulet)
HPRegen 0.00/turn                g - ring of flight
MPRegen 0.09/turn                (no ring)

@: flying, very slightly contaminated, inhibited regen
A: claws 1, cold resistance 1, negative energy resistance 3, inhibited
regeneration, torment resistance 2, devour on kill
a: no special abilities


You were on level 2 of the Dungeon.
You visited 1 branch of the dungeon, and saw 2 of its levels.

You collected 145 gold pieces.

Inventory:

Missiles
 n - 5 poisoned darts
Armour
 a - a +0 robe (worn)
 l - a +0 buckler
Jewellery
 g - a ring of flight (left claw)
Wands
 m - a wand of flame (13)
Scrolls
 b - a scroll of magic mapping {unknown}
 e - a scroll of fear {unknown}
 f - 2 scrolls of vulnerability {unknown}
 h - a scroll of identify {unknown}
 o - a scroll of teleportation {unknown}
Potions
 c - a potion of curing {unknown}
 d - a potion of lignification {unknown}
 i - a potion of cancellation {unknown}
 j - a potion of haste {unknown}
 k - a potion of flight {unknown}


   Skills:
 - Level 0.3 Fighting
 - Level 1.7 Dodging
 - Level 2.1 Stealth
 - Level 1.8 Spellcasting
 * Level 5.5 Necromancy


You had 5 spell levels left.
You knew the following spells:

 Your Spells              Type           Power      Damage    Failure   Level
a - Necrotise             Necr           56%        1d6       3%          1

Your spell library contained the following spells:

 Spells                   Type           Power      Damage    Failure   Level
 Vampiric Draining        Necr           14%        2d7       9%          3
 Animate Dead             Necr           14%        N/A       28%         4
 Lesser Beckoning         Tloc           2%         N/A       38%         2
 Gell's Gravitas          Tloc           1%         N/A       63%         3
 Teleport Other           Tloc           1%         N/A       63%         3
 Agony                    Necr           14%        N/A       63%         5
 Dispersal                Tloc           0%         N/A       100%        6


Dungeon Overview and Level Annotations

Branches:
Dungeon (2/15)

Altars:


Innate Abilities, Weirdness & Mutations

You are immune to poison.
You have sharp fingernails.
Your flesh is cold resistant. (rC+)
You are immune to negative energy. (rN+++)
You do not regenerate when monsters are visible.
You are immune to unholy pain and torment.
You thrive by killing the living.


Message History

b - a scroll labelled QAACUTW ZIUD You reach down and open the door.
There is an open door here.
The worm writhes in agony.
The worm writhes in agony.
The worm barely resists.
The worm writhes in agony.
The worm writhes in agony.
You are out of magic!
You barely miss the worm.
The worm is heavily wounded.
The worm bites you!
You barely miss the worm.
The worm is moderately wounded.
You scratch the worm.
The worm is heavily wounded.
The worm bites you but does no damage.
You barely miss the worm.
The worm is heavily wounded.
You scratch the worm.
The worm is severely wounded.
The worm bites you!
You miscast Necrotise.
You are very lightly contaminated with residual magic.
Nothing appears to happen.
The worm closely misses you.
You don't have enough magic to cast this spell.
You scratch the worm.
The worm is heavily wounded.
You scratch the worm but do no damage.
The worm is heavily wounded.
The worm bites you!
* * * LOW HITPOINT WARNING * * *
Okay, then.
Okay, then.
You scratch the worm but do no damage.
The worm is heavily wounded.
You scratch the worm but do no damage.
The worm is heavily wounded.
The worm bites you!
You die...

####.#.........##.# #.# #.#
#.#########.##.###.# ##.#### #.#
#........# #.....# ##)##
###..##### ##.##.# ##...## #.##
####.# ##.....## ###.# ###.#
#.......## ##.#.# ##.#.#
.........####....##########...<##
.........'......@w...............
.........####....#####.........##
#.......## ##.#.# #.......#.##
##.....## ###.# #........#.#
##...## #.# #.......#.## ##+##
##.## #.......### #.# #...#
#.......#### #.# #...#
####........ ##.#### #...#
#..#####.


You could see a worm.

Vanquished Creatures
  An adder (D:2)
  A worm (D:2)
  3 dart slugs
  3 bats
  5 endoplasms
  4 goblins
  3 hobgoblins
  5 jackals (D:1)
  3 kobolds
  A quokka (D:1)
  4 ball pythons
  5 frilled lizards
  3 rats
41 creatures vanquished.

Vanquished Creatures (collateral kills)
  2 endoplasms (D:1)
  A hobgoblin (D:1)
  A ball python (D:1)
4 creatures vanquished.

Grand Total: 45 creatures vanquished

Notes
Turn   | Place    | Note
-------+----------+-------------------------------------------
     0 | D:1      | cheesebisquit the Ghoul Necromancer began the quest for the
                  | Orb.
     0 | D:1      | Reached XP level 1. HP: 14/14 MP: 2/2
   175 | D:1      | Reached XP level 2. HP: 22/22 MP: 0/3
   517 | D:1      | Reached XP level 3. HP: 27/27 MP: 2/4
   769 | D:1      | Reached skill level 5 in Necromancy
  1983 | D:2      | Reached XP level 4. HP: 31/34 MP: 0/5
  2171 | D:2      | Slain by a worm

Illustrated notes

Levels and vault maps discovered:
D:1:      dpeg_arrival_pond, layout_basic
D:2:      layout_loops_corners, dreamdust_ecumenical_altar_drowned_temple

Skill      XL: |  1  2  3 |
---------------+----------+-----
Necromancy     | 5 |  5.5
Fighting       | |  0.3
Dodging        | |  1.7
Stealth        | |  2.1
Spellcasting   | |  1.8

Action                     |  1- 3 |  4- 6 || total
---------------------------+-------+-------++-------
  Melee: Unarmed           |    67 |    12 ||    79
   Cast: Necrotise         |    80 |    11 ||    91
    Use: Potion            |     1 |       ||     1
 Armour: Robe              |    13 |     1 ||    14
  Dodge: Dodged            |    44 |     3 ||    47

Table legend: (Time is in decaauts)
 A = Elapsed time spent in this place.
 B = Non-inter-level travel time spent in this place.
 C = Inter-level travel time spent in this place.
 D = Time resting spent in this place.
 E = Time spent auto-exploring this place.
 F = Levels seen in this place.
 G = Mean time per level.
                   A        B        C        D        E       F      G
               +--------+--------+--------+--------+--------+-----+--------+
         Total |   2171 |   2165 |      6 |     20 |   1764 |   2 | 1085.5 |
       Dungeon |   2171 |   2165 |      6 |     20 |   1764 |   2 | 1085.5 |
               +--------+--------+--------+--------+--------+-----+--------+

Top non-repeatable levels by time:
     D:1: 1249 daAuts
     D:2: 922 daAuts
